 Dungeon Crawl Stone Soup version 0.32-a0-28-g8eac1da (webtiles) character file.

Game seed: 4242565347407451745

4025 Dorkslayer the Grappler (level 10, -5/65 HPs)
             Began as an Octopode Shapeshifter on Jan 19, 2024.
             Was a Believer of Dithmenos.
             Slain by a boulder beetle (27 damage)
             ... on level 8 of the Dungeon.
             The game lasted 00:18:26 (6769 turns).

Dorkslayer the Grappler (Octopode Shapeshifter)     Turns: 6769, Time: 00:18:27

Health: -5/65      AC:  1    Str: 18    XL:     10   Next: 24%
Magic:  10/10      EV: 29    Int: 13    God:    Dithmenos [**....]
Gold:   32         SH:  0    Dex: 11    Spells: 9/9 levels left

rFire   + . .        f - +2 trident (heavy)
rCold   . . .        (no shield)
rNeg    + + .        (helmet currently unavailable)
rPois   +            e - amulet of the Suburbs {Acrobat Fly rC- rN+}
rElec   +            q - +4 ring of slaying
rCorr   +            r - ring of willpower
SInv    .            g - ring of positive energy
Will    ++...        (no ring)
Stlth   +++++        (no ring)
HPRegen 0.30/turn    (no ring)
MPRegen 0.12/turn    (no ring)
                     (no ring)

%: acrobat
@: mighty, beast-form, resistant, acrobatic, enlightened, flying, hasted,
wreathed by umbra, very quick
A: beast (slay +3), almost no armour, amphibious, 8 rings, camouflage 1,
gelatinous body 1, (nimble swimmer 1), tentacles
a: Begin Untransformation, Renounce Religion, Shadow Step


You were on level 8 of the Dungeon.
You worshipped Dithmenos.
Dithmenos was pleased with you.
You were a hulking beast.
You visited 2 branches of the dungeon, and saw 9 of its levels.

You collected 432 gold pieces.
You spent 400 gold pieces at shops.

Inventory:

Hand Weapons
 f - a +2 heavy trident (weapon)
 s - a +4 hand axe of freezing
Jewellery
 e - the amulet of the Suburbs (around mantle) {Acrobat Fly rC- rN+}
   (You took it off an orc wizard on level 6 of the Dungeon)

   [amulet of the acrobat]

   Acrobat:   It increases your evasion while moving and waiting.
   rC-:       It makes you vulnerable to cold.
   rN+:       It protects you from negative energy.
   Fly:       It grants you flight.
 g - a ring of positive energy (on tentacle)
 q - a +4 ring of slaying (left tentacle)
 r - a ring of willpower (right tentacle)
Talismans
 b - a beast talisman
 c - a flux talisman
Wands
 o - a wand of digging (4)
Scrolls
 d - 2 scrolls of poison
 k - 4 scrolls of teleportation
 l - 3 scrolls of amnesia
 m - 4 scrolls of fog
 p - 3 scrolls of fear
 t - a scroll of blinking
 x - a scroll of identify
Potions
 a - 3 potions of lignification
 h - 2 potions of curing {unknown}
 i - 2 potions of magic
 j - a potion of enlightenment
 w - a potion of might


   Skills:
 * Level 4.6 Fighting
 + Level 3.8 Polearms
 + Level 1.9 Throwing
 * Level 5.5 Dodging
 + Level 6.3 Stealth
 + Level 8.6 Unarmed Combat
 + Level 5.2 Evocations
 * Level 5.7 Shapeshifting


You had 9 spell levels left.
You didn't know any spells.
Your spell library contained the following spells:

 Spells                   Type           Power      Damage    Failure   Level
 Gell's Gravitas          Tloc           0%         N/A       67%         3
 Teleport Other           Tloc           0%         N/A       67%         3
 Dispersal                Tloc           0%         N/A       100%        6


Dungeon Overview and Level Annotations

Branches:
Dungeon (8/15)             Temple (1/1) D:4
   Lair: D:8-11

Altars:
Cheibriados
Dithmenos
Elyvilon
Fedhas
Gozag
Hepliaklqana
Kikubaaqudgha
Makhleb
Nemelex Xobeh
Okawaru
Ru
Sif Muna
Uskayaw
Vehumet
Wu Jian
Yredelemnul
Zin
The Shining One

Shops:
D:2 ?   D:5 :   D:6 *   D:8 *:**


Innate Abilities, Weirdness & Mutations

You are a hulking beast.
Your limbs bulge with bestial killing power. (Slay +3)
You cannot wear most types of armour.
You are amphibious.
You can wear up to eight rings at the same time.
Your skin changes colour to match your surroundings (Stealth+).
Your rubbery body absorbs attacks. (AC +1, EV +1)
((You are camouflaged when in or above water. (Stealth+)))
You have tentacles for arms and can constrict up to eight enemies at once.


Message History

You feel more buoyant.
You feel very mighty all of a sudden.
You feel yourself speed up. As you open the door, it creaks loudly!
The komodo dragon hisses angrily.
The centaur warrior shouts!
The deep elf pyromancer gestures wildly while chanting.
The deep elf pyromancer blinks!
There is an open translucent door here.
As you read the scroll of immolation, it crumbles to dust.
The creatures around you are filled with an inner flame!
The boulder beetle bites you!
Unknown command.
Okay, then.
Okay, then.
You puncture the boulder beetle!
Flame seeps out of the boulder beetle.
You squeeze the boulder beetle, but do no damage.
The boulder beetle is lightly wounded.
The komodo dragon changes into a warg!
The boulder beetle is engulfed in blazing flames.
Flame seeps out of the boulder beetle.
The boulder beetle bites you!!
You puncture the boulder beetle!
Flame seeps out of the boulder beetle. x2
You squeeze the boulder beetle!
The boulder beetle is heavily wounded.
The boulder beetle is engulfed in blazing flames.
Flame seeps out of the boulder beetle.
The boulder beetle misses you.
You puncture the boulder beetle!
Flame seeps out of the boulder beetle.
You squeeze the boulder beetle, but do no damage.
The boulder beetle is severely wounded.
The boulder beetle is engulfed in blazing flames.
Flame seeps out of the boulder beetle.
The boulder beetle bites you!
Okay, then.
The boulder beetle curls into a ball and begins rolling!
Reach: f) +2 trident (heavy)
Press: ? - help, Dir - move target, f - boulder beetle
Aim: a boulder beetle (almost dead, rolling, inner flame, umbra, about 9% to evade your +2 heavy trident)
You reach to attack!
You barely miss the boulder beetle.
The boulder beetle is almost dead.
The boulder beetle attacks as it pursues you!
The boulder beetle hits you!!
You die...

##.....####......#### #.
#>).................###.
#...................'...
#......#######......####
#.###### #####.####
#######.##########Hh##.####
#.....#....##.○°##e)|#....##
#...#.####.##B##°#ccR#.....#
#...#......##h###H####.....#
#...#....#####.###.###.....#
#.####.....##...###.##.....###
#....#......#.#..##.##.......#
###.##...#..#..)#...##.....#.#
#.#.[.##..##)#############..
##......#..##.# ###
#^......#..##.#
#.....#.......#


You could see a boulder beetle (rolling, inner flame).

Vanquished Creatures
  3 wyverns
  2 water moccasins
  2 ice beasts
  4 black bears
  4 ogres (D:6)
  3 centaurs
  2 phantoms (D:6)
  A kobold brigand (D:8)
  A gnoll sergeant (D:6)
  2 scorpions
  5 bullfrogs
  7 wights
  5 killer bees (D:8)
  3 howler monkeys
  A bombardier beetle (D:5)
  3 jellies
  6 hounds
  2 gnoll boudas
  2 orc wizards
  Jessica (D:3)
  A sleepcap (D:6)
  3 iguanas
  12 gnolls
  5 adders
  A shadow imp (D:7)
  3 white imps
  2 ufetubi (D:6)
  4 ribbon worms
  A dart slug (D:5)
  20 orcs
  7 endoplasms
  2 giant cockroaches
  4 goblins
  5 hobgoblins
  9 kobolds
  6 quokkas
  4 ball pythons
  2 bats
  2 frilled lizards (D:3)
  A rat (D:1)
  A spectral hobgoblin (D:3)
154 creatures vanquished.

Notes
Turn   | Place    | Note
-------+----------+-------------------------------------------
     0 | D:1      | Dorkslayer the Octopode Shapeshifter began the quest for
                  | the Orb.
     0 | D:1      | Reached XP level 1. HP: 13/13 MP: 1/1
   307 | D:1      | Reached XP level 2. HP: 14/18 MP: 2/2
   571 | D:2      | Found Gapparye's Magic Scroll Shop.
   577 | D:2      | Identified the +7 sling of Ydehyoj {freeze, rC+ Str-3
                  | Int+4}
   668 | D:2      | Reached XP level 3. HP: 2/23 MP: 3/3
  1109 | D:3      | Noticed Jessica
  1112 | D:3      | Killed Jessica
  1113 | D:3      | Reached skill level 4 in Unarmed Combat
  1128 | D:3      | Reached XP level 4. HP: 24/28 MP: 4/4
  1135 | D:3      | Reached skill level 1 in Stealth
  1171 | D:3      | Found a faded altar of an unknown god.
  1413 | D:3      | Found a shimmering blue altar of Sif Muna.
  1680 | D:3      | Reached XP level 5. HP: 29/33 MP: 5/5
  2156 | D:4      | Found a staircase to the Ecumenical Temple.
  2193 | D:4      | Reached skill level 5 in Unarmed Combat
  2208 | Temple   | Entered the Ecumenical Temple
  2347 | D:4      | Found a glowing silver altar of Zin.
  2427 | D:4      | Reached XP level 6. HP: 33/38 MP: 6/6
  2889 | D:5      | Entered Level 5 of the Dungeon
  2889 | D:5      | Found Olypnyoloi's Book Shop.
  2902 | D:5      | Reached skill level 6 in Unarmed Combat
  2996 | D:5      | Reached skill level 1 in Evocations
  3012 | D:5      | Reached XP level 7. HP: 43/43 MP: 7/7
  3495 | D:5      | Reached skill level 1 in Throwing
  3495 | D:5      | Reached XP level 8. HP: 40/50 MP: 8/8
  3564 | D:2      | Bought a scroll of fog for 40 gold pieces
  3564 | D:2      | Bought a scroll of identify for 20 gold pieces
  3564 | D:2      | Bought a scroll of noise for 10 gold pieces
  3564 | D:2      | Bought a scroll of identify for 20 gold pieces
  3566 | D:2      | Bought a scroll of identify for 20 gold pieces
  3566 | D:2      | Bought a scroll of identify for 20 gold pieces
  3825 | D:6      | Noticed a wyvern
  3830 | D:6      | Killed a wyvern
  3831 | D:6      | Reached skill level 7 in Unarmed Combat
  3865 | D:6      | Found a shadowy altar of Dithmenos.
  3874 | D:6      | Became a worshipper of Dithmenos the Shadowed
  4327 | D:6      | Found a glowing golden altar of the Shining One.
  4422 | D:6      | Found Sapanal's Fire Supplies.
  4475 | D:6      | Bought a scroll of immolation for 60 gold pieces
  4521 | D:6      | Reached skill level 5 in Stealth
  4550 | D:6      | Reached XP level 9. HP: 24/57 MP: 9/9
  4601 | D:6      | Reached * piety under Dithmenos
  4602 | D:6      | Reached skill level 8 in Unarmed Combat
  4683 | D:6      | Identified the amulet of the Suburbs {Acrobat Fly rC- rN+}
  4954 | D:6      | Reached skill level 5 in Evocations
  5039 | D:6      | Reached skill level 5 in Shapeshifting
  5171 | D:7      | Found a white marble altar of Elyvilon.
  5329 | D:7      | Reached skill level 1 in Polearms
  5779 | D:8      | Reached skill level 5 in Dodging
  5787 | D:8      | Reached XP level 10. HP: 8/64 MP: 10/10
  6036 | D:8      | Reached ** piety under Dithmenos
  6208 | D:8      | Found Fuemyag's Assorted Antiques.
  6211 | D:8      | Bought a scroll labelled GEILOF PEXT for 37 gold pieces
  6211 | D:8      | Bought an amethyst potion for 33 gold pieces
  6241 | D:8      | Found a runed translucent door.
  6241 | D:8      | Noticed a deep elf pyromancer
  6241 | D:8      | Noticed a centaur warrior
  6243 | D:8      | Noticed a centaur warrior
  6243 | D:8      | Noticed a manticore
  6243 | D:8      | Noticed a boulder beetle
  6243 | D:8      | Noticed a manticore
  6323 | D:8      | Found Duib's Book Boutique.
  6358 | D:8      | Found Joclia Rifeu's General Store.
  6367 | D:8      | Bought a potion of haste for 140 gold pieces
  6508 | D:8      | Found Kugig's Assorted Antiques.
  6769 | D:8      | Slain by a boulder beetle

Illustrated notes

Levels and vault maps discovered:
D:1:      minmay_arrival_nine_rooms, layout_basic, wad_floor_pattern_2,
          chequers_jeans, minmay_misc_feat_tiny
D:2:      layout_rooms, serial_shops, nicolae_shop_waterfront
D:3:      layout_loops_ring, mainiacjoe_overflow_tiny_flanked,
          dreamdust_ecumenical_altar_drowned_temple, uniq_jessica
D:4:      layout_cave_pools, zin_academy, minmay_temple_entry_drinking_statues,
          lightli_corner_chamber
D:5:      layout_basic, serial_shops, shop
D:6:      minmay_octagon_keep, layout_loops_ring,
          mainiacjoe_overflow_six_doors_small, nicolae_dithmenos_shadow_blocks,
          nicolae_shop_fire_sale [nicolae_sub_dead_trees]
D:7:      layout_cave_pools, elyvilon_altar_5
D:8:      minmay_gate_of_8, layout_basic, serial_shops, shop,
          nicolae_shop_window_shopping, nicolae_shop_tiny_real_fake_doors, shop,
          nicolae_fountain_basement
Temple:   hellmonk_temple_forest_ring

Skill      XL: |  1  2  3  4  5  6  7  8  9 10 |
---------------+-------------------------------+-----
Unarmed Combat | 4 5 6 7 8 |  8.6
Stealth        | 1 2 3 4 5 6 |  6.3
Evocations     | 1 2 3 5 |  5.2
Shapeshifting  | 4 5 |  5.7
Fighting       | 2 3 4 |  4.6
Throwing       | 1 |  1.9
Dodging        | 3 5 |  5.5
Polearms       | 2 3 |  3.8

Action                     |  1- 3 |  4- 6 |  7- 9 | 10-12 || total
---------------------------+-------+-------+-------+-------++-------
  Melee: Unarmed           |    41 |    84 |    84 |       ||   209
         Constrict         |    11 |    22 |    26 |     8 ||    67
         Tentacles         |     7 |    21 |    20 |     6 ||    54
         Punch             |     1 |     4 |     4 |     2 ||    11
         Trident           |       |       |    43 |    40 ||    83
  Throw: Boomerang         |       |     4 |    10 |       ||    14
  Evoke: Wand              |       |     1 |    31 |       ||    32
    Use: Potion            |       |     4 |     3 |     4 ||    11
         Scroll            |       |     3 |     5 |     4 ||    12
   Stab: Sleeping          |     3 |     8 |     8 |       ||    19
         Distracted        |       |       |       |     1 ||     1
 Armour: Skin              |    15 |    48 |    63 |    16 ||   142
  Dodge: Dodged            |    21 |    58 |   112 |    29 ||   220

Table legend: (Time is in decaauts)
 A = Elapsed time spent in this place.
 B = Non-inter-level travel time spent in this place.
 C = Inter-level travel time spent in this place.
 D = Time resting spent in this place.
 E = Time spent auto-exploring this place.
 F = Levels seen in this place.
 G = Mean time per level.
                   A        B        C        D        E       F      G
               +--------+--------+--------+--------+--------+-----+--------+
         Total |   6811 |   6718 |     93 |    304 |   3978 |   9 |  756.8 |
       Dungeon |   6779 |   6686 |     93 |    304 |   3978 |   8 |  847.4 |
        Temple |     31 |     31 |      0 |      0 |      0 |   1 |   31.0 |
               +--------+--------+--------+--------+--------+-----+--------+

Top non-repeatable levels by time:
     D:6: 1296 daAuts
     D:3: 933 daAuts
     D:7: 929 daAuts
     D:5: 871 daAuts
     D:4: 851 daAuts
     D:8: 773 daAuts
     D:1: 566 daAuts
     D:2: 557 daAuts
  Temple: 31 daAuts
